 Dungeon Crawl Stone Soup version 0.31-a0-1308-ga3cce3a448 (webtiles) character file.

Game seed: 8096270235152268380

983 Ekaitz the Firebug (level 7, 0/51 HPs)
             Began as a Demonspawn Fire Elementalist on Dec 19, 2023.
             Slain by a kobold brigand
             ... wielding a +0 short sword
              (3 damage)
             ... on level 6 of the Dungeon.
             The game lasted 00:09:42 (5067 turns).

Ekaitz the Firebug (Demonspawn Fire Elementalist)   Turns: 5067, Time: 00:09:43

Health: 0/51       AC:  8    Str:  9    XL:     7   Next: 96%
Magic:  3/12       EV: 12    Int: 17    God:
Gold:   230        SH:  5    Dex: 13    Spells: 3/12 levels left

rFire   + . .        C - +3 rapier (venom)
rCold   . . .        (no shield)
rNeg    . . .        F - +1 leather armour {rF+}
rPois   .            G - +0 helmet
rElec   .            a - +0 cloak
rCorr   .            d - +0 pair of gloves
SInv    .            w - +0 pair of boots
Will    +....        t - amulet of reflection
Stlth   ++           r - ring of wizardry
HPRegen 0.28/turn    u - ring of willpower
MPRegen 0.13/turn

%: reflection, wizardry (x1)
@: no status effects
A: hooves 1, demonic guardian 1, sturdy frame 1, demonic magic 1
a: no special abilities


You were on level 6 of the Dungeon.
You visited 1 branch of the dungeon, and saw 6 of its levels.

You collected 272 gold pieces.
You spent 42 gold pieces at shops.

Inventory:

Hand Weapons
 k - a +0 dagger of speed
 p - a +0 morningstar of protection
 C - a +3 rapier of venom (weapon)
Missiles
 i - 4 poisoned darts
Armour
 a - a +0 cloak (worn)
 d - a +0 pair of gloves (worn)
 m - a +0 kite shield
 w - a +0 pair of boots (worn)
 F - a +1 leather armour of fire resistance (worn)
 G - a +0 helmet (worn)
Jewellery
 r - a ring of wizardry (left hand)
 t - an amulet of reflection (around neck)
 u - a ring of willpower (right hand)
 A - a ring of protection from fire
Wands
 y - a wand of polymorph (6)
 E - a wand of iceblast (13)
Scrolls
 c - 3 scrolls of identify {unknown}
 e - a scroll of revelation {unknown}
 f - 3 scrolls of blinking {unknown}
 g - 5 scrolls of teleportation {unknown}
 l - a scroll of poison {unknown}
 n - a scroll of amnesia {unknown}
 o - a scroll of torment {unknown}
 q - a scroll of enchant weapon {unknown}
 B - 3 scrolls of summoning {unknown}
 D - a scroll of enchant armour {unknown}
Potions
 b - a potion of magic
 h - a potion of lignification {unknown}
 j - 4 potions of curing
 s - a potion of brilliance {unknown}
 v - a potion of resistance {unknown}
 x - a potion of might {unknown}
 z - a potion of attraction {unknown}


   Skills:
 * Level 2.5 Fighting
 + Level 1.4 Short Blades
 + Level 2.1 Dodging
 + Level 3.8 Stealth
 + Level 0.2 Shields
 + Level 3.4 Spellcasting
 * Level 3.4 Conjurations
 * Level 1.9 Hexes
 * Level 2.2 Translocations
 * Level 5.0 Fire Magic


You had 3 spell levels left.
You knew the following spells:

 Your Spells              Type           Power      Damage    Failure   Level
a - Foxfire               Conj/Fire      68%        2x1d7     1%          1
b - Scorch                Fire           40%        2d6       1%          2
c - Volatile Blastmotes   Fire/Tloc      30%        2d12      4%          3
i - Inner Flame           Hex/Fire       14%        N/A       5%          3

Your spell library contained the following spells:

 Spells                   Type           Power      Damage    Failure   Level
 Ensorcelled Hibernation  Hex/Ice        12%        N/A       8%          2
 Passwall                 Tmut/Erth      1%         N/A       11%         2
 Sublimation of Blood     Necr           2%         N/A       11%         2
 Wereblood                Tmut           2%         N/A       11%         2
 Swiftness                Air            2%         N/A       21%         3
 Flame Wave               Conj/Fire      17%        2d7       12%         4
 Summon Hydra             Summ           1%         N/A       100%        7


Dungeon Overview and Level Annotations

Branches:
Dungeon (6/15)
 Temple: D:4-7

Altars:
Ashenzari
Cheibriados
Dithmenos
Nemelex Xobeh
Trog
Vehumet
Yredelemnul

Shops:
D:1 !


Innate Abilities, Weirdness & Mutations

You have large cloven feet.
A weak demonic guardian rushes to your aid.
Your movements are slightly less encumbered by armour. (ER -2)
Spells you cast may paralyse adjacent enemies.


Message History

Casting: Scorch (safe; 1% risk of failure)
Confirm with . or Enter, or press ? or * to list all spells.
Flames lash the kobold.
You kill the kobold!
Malevolent energies surge around you.
Your white imp gestures at the white imp.
The puff of frost hits the white imp.
The white imp resists.
The white imp gestures at your white imp.
The puff of frost hits your white imp.
Your white imp resists.
The kobold brigand hits you with a +0 short sword.
* * * LOW HITPOINT WARNING * * *
A demonic guardian appears!
Casting: Scorch (safe; 1% risk of failure)
Confirm with . or Enter, or press ? or * to list all spells.
Flames lash the kobold.
The kobold is moderately wounded.
The kobold's fire resistance burns away.
Malevolent energies surge around you.
Your white imp gestures at the white imp.
The puff of frost hits the white imp.
The white imp resists.
The white imp completely misses your white imp.
The kobold brigand hits you but does no damage.
Your quasit closely misses the white imp.
Your quasit claws the white imp but does no damage.
Your quasit closely misses the white imp.
Unknown command.
Casting: Scorch (safe; 1% risk of failure)
Confirm with . or Enter, or press ? or * to list all spells.
Flames lash the kobold brigand.
The kobold brigand is moderately wounded.
The kobold brigand's fire resistance burns away.
Malevolent energies surge around you.
Your white imp closely misses the white imp.
Your quasit closely misses the white imp.
Your quasit barely misses the white imp.
Your quasit claws the white imp.
The white imp hits your white imp but does no damage.
The kobold brigand hits you with a +0 short sword.
You die...

.. #.... .... ### ...##
.... ...## [.... ....##
.....5###†...##
....55.@KK....#.. .......
......###K)......
.......###########.#.)...#
.......#........##.# .....
.......#........##.## ....
.......#........'...# ...
.......#........#..## ..
................#..# .
........####.####.##


You could see a kobold brigand (combustible), a white imp (distracted, ally
target), 2 kobolds, a friendly quasit (summoned) and a friendly white imp
(summoned).

Vanquished Creatures
  Eustachio (D:5)
  A black bear (D:4)
  An ogre (D:5)
  A centaur (D:5)
  A kobold brigand (D:6)
  2 bullfrogs (D:6)
  A howler monkey (D:6)
  3 hounds
  Crazy Yiuf (D:4)
  An orc priest (D:4)
  An iguana (D:4)
  Ijyb (D:3)
  6 adders
  A worm (D:2)
  4 dart slugs
  8 orcs
  4 ball pythons
  7 endoplasms
  3 giant cockroaches
  6 goblins
  6 hobgoblins
  11 kobolds
  4 quokkas
  6 bats
  2 frilled lizards
  8 rats
91 creatures vanquished.

Vanquished Creatures (collateral kills)
  2 orcs
  A kobold (D:1)
3 creatures vanquished.

Vanquished Creatures (others)
  218 foxfires
218 creatures vanquished.

Grand Total: 312 creatures vanquished

Notes
Turn   | Place    | Note
-------+----------+-------------------------------------------
     0 | D:1      | Ekaitz the Demonspawn Fire Elementalist began the quest for
                  | the Orb.
     0 | D:1      | Reached XP level 1. HP: 13/13 MP: 3/3
   322 | D:1      | Reached skill level 3 in Fire Magic
   354 | D:1      | Gained mutation: A weak demonic guardian rushes to your
                  | aid. [demonic ancestry]
   354 | D:1      | Reached XP level 2. HP: 8/19 MP: 1/5
   494 | D:1      | Learned a level 2 spell: Scorch
   880 | D:1      | Found Vihueloj's Distillery.
   889 | D:1      | Bought a potion of curing for 42 gold pieces
  1167 | D:2      | Reached XP level 3. HP: 22/24 MP: 1/6
  1171 | D:2      | Learned a level 3 spell: Volatile Blastmotes
  1704 | D:2      | Reached XP level 4. HP: 31/31 MP: 5/7
  1993 | D:3      | Noticed Ijyb
  2168 | D:3      | Reached skill level 1 in Fighting
  2272 | D:3      | Found a radiant altar of Vehumet.
  2586 | D:3      | Found a broken altar of Ashenzari.
  2588 | D:3      | Found a snail-covered altar of Cheibriados.
  2596 | D:3      | Found a bloodstained altar of Trog.
  2596 | D:3      | Found a shadowy altar of Dithmenos.
  2596 | D:3      | Found a basalt altar of Yredelemnul.
  2597 | D:3      | Found a sparkling altar of Nemelex Xobeh.
  2939 | D:4      | Reached skill level 4 in Fire Magic
  2939 | D:4      | Gained mutation: Spells you cast may paralyse adjacent
                  | enemies. [demonic ancestry]
  2939 | D:4      | Reached XP level 5. HP: 33/37 MP: 4/8
  2943 | D:4      | Learned a level 3 spell: Inner Flame
  3137 | D:4      | Noticed a black bear
  3144 | D:4      | Killed a black bear
  3145 | D:4      | Reached skill level 1 in Translocations
  3235 | D:4      | Found a runed translucent door.
  3387 | D:4      | Gained mutation: Your movements are slightly less
                  | encumbered by armour. (ER -2) [demonic ancestry]
  3387 | D:4      | Reached XP level 6. HP: 44/44 MP: 5/10
  3688 | D:4      | Noticed Crazy Yiuf
  3738 | D:5      | Entered Level 5 of the Dungeon
  3747 | D:5      | Reached skill level 1 in Hexes
  4252 | D:5      | Gained mutation: You have large cloven feet. [demonic
                  | ancestry]
  4252 | D:5      | Reached XP level 7. HP: 23/50 MP: 8/11
  4402 | D:5      | Noticed Eustachio
  4409 | D:5      | Killed Eustachio
  4700 | D:3      | Killed Ijyb
  4790 | D:4      | Killed Crazy Yiuf
  4946 | D:6      | Reached skill level 5 in Fire Magic
  5063 | D:6      | Reached skill level 1 in Short Blades
  5067 | D:6      | Slain by a kobold brigand

Illustrated notes

Levels and vault maps discovered:
D:1:      lemuel_arrival_cross, layout_basic, serial_shops, shop,
          feat_on_display
D:2:      layout_loops_ring, minmay_diced_spiral
D:3:      layout_loops_ring, grunt_temple_overflow_open, vehumet_crystals,
          uniq_ijyb
D:4:      layout_rooms, chequers_serial_rivers_large_b, uniq_crazy_yiuf_cottage
D:5:      layout_basic, serial_glass, glass_columns_c, glass_columns_c,
          glass_columns_a, glass_columns_a, glass_columns_b, glass_columns_a,
          minmay_strange_pillars, serial_bayou_pond_c, uniq_eustachio
D:6:      layout_basic, temple_green, gammafunk_ghost_grave, minmay_crossroads,
          uniq_edmund

Skill      XL: |  1  2  3  4  5  6  7 |
---------------+----------------------+-----
Fire Magic     | 3 4 5 |  5.0
Dodging        | 2 |  2.1
Fighting       | 1 2 |  2.5
Stealth        | 2 3 |  3.8
Conjurations   | 2 3 |  3.4
Translocations | 1 2 |  2.2
Hexes          | 1 |  1.9
Spellcasting   | 3 |  3.4
Short Blades   | 1 |  1.4
Shields        | |  0.2

Action                     |  1- 3 |  4- 6 |  7- 9 || total
---------------------------+-------+-------+-------++-------
  Melee: Dagger            |    36 |    41 |       ||    77
         Punch             |     1 |       |     1 ||     2
         Rapier            |       |       |    14 ||    14
   Cast: Foxfire           |    55 |    59 |     9 ||   123
         Scorch            |     3 |     8 |     9 ||    20
         Inner Flame       |       |     1 |     1 ||     2
   Stab: Sleeping          |     2 |     1 |     1 ||     4
         Distracted        |       |     1 |       ||     1
         Paralysed         |       |    10 |     5 ||    15
 Armour: Robe              |    25 |    21 |     2 ||    48
         Leather armour    |       |       |    22 ||    22
  Dodge: Dodged            |    36 |    29 |    16 ||    81
  Block: Other             |       |     5 |     9 ||    14
         Reflection        |       |     2 |       ||     2

Table legend: (Time is in decaauts)
 A = Elapsed time spent in this place.
 B = Non-inter-level travel time spent in this place.
 C = Inter-level travel time spent in this place.
 D = Time resting spent in this place.
 E = Time spent auto-exploring this place.
 F = Levels seen in this place.
 G = Mean time per level.
                   A        B        C        D        E       F      G
               +--------+--------+--------+--------+--------+-----+--------+
         Total |   5096 |   4913 |    183 |      0 |   4057 |   6 |  849.3 |
       Dungeon |   5096 |   4913 |    183 |      0 |   4057 |   6 |  849.3 |
               +--------+--------+--------+--------+--------+-----+--------+

Top non-repeatable levels by time:
     D:4: 1129 daAuts
     D:1: 1034 daAuts
     D:5: 941 daAuts
     D:2: 935 daAuts
     D:3: 850 daAuts
     D:6: 206 daAuts
